AoeStats
← Malelf

Arabia

507842043Analyzed
1v1 RM · 12d ago on Sep 19, 2026· 19m 41s· 2 players
Game mode
Random Map
Map size
Tiny (2 player)
Population
200
Speed
Normal
Resources
Standard
Victory
Conquest
Starting age
Dark Age
Ending age
Imperial Age
RankedLock teamsTeams togetherTeam positionsShared explorationLock speedFull tech treeHidden civsTurbo modeCheats
Victory
Defeat
🇮🇹 Vietnamese · Italy
1693
+15
🇨🇦 Magyars · Canada
1665
-15
Dizzy_RandomCiv
6:06 Loom
8:29 Feudal Age
12:57 Double-Bit Axe
14:27 Man-at-Arms
Malelf
7:11 Loom
9:51 Feudal Age
10:22 Double-Bit Axe
11:12 Horse Collar
20:57 Castle Age
19:04 Fletching
19:42 Gold Mining
Connection lost

Rejoining the realm…

Still unreachable

The connection could not be restored.

Session expired

The server has moved on; the page needs a fresh start.